 Dungeon Crawl Stone Soup version 0.29.0-13-gc9e81de378 (webtiles) character file.

Game seed: 11457448719977637943

809 NinjaNoafa the Reanimator (level 7, 0/50 HPs)
             Began as a Ghoul Necromancer on Sept 9, 2022.
             Slain by a lemure (8 damage)
             ... led by Pikel
             ... on level 5 of the Dungeon.
             The game lasted 00:13:09 (5566 turns).

NinjaNoafa the Reanimator (Ghoul Necromancer)       Turns: 5566, Time: 00:13:09

Health: 0/50       AC:  9    Str: 10 (12) XL:     7   Next: 92%
Magic:  10/10      EV: 11    Int: 11 (12) God:
Gold:   128        SH:  0    Dex:  9      Spells: 8/12 levels left

rFire   . . .      SeeInvis .   a - +0 dagger (venom)
rCold   + + .      Faith    .   (no shield)
rNeg    + + +      Spirit   .   r - +2 leather armour {rC+}
rPois   ∞          Reflect  .   (no helmet)
rElec   .          Harm     .   x - +0 cloak
rCorr   .          Rampage  .   c - +1 pair of gloves
Will    .....                   y - +0 pair of boots
Stlth   ++........              (no amulet)
HPRegen 0.00/turn               (no ring)
MPRegen 0.12/turn               (no ring)

@: attractive, flying, inhibited regen, hasted, very quick
A: claws 1, cold resistance 1, negative energy resistance 3, inhibited
regeneration, torment resistance 2, devour on kill
a: no special abilities


You were on level 5 of the Dungeon.
You visited 1 branch of the dungeon, and saw 6 of its levels.

You collected 128 gold pieces.

Inventory:

Hand Weapons
 a - a +0 dagger of venom (weapon)
Missiles
 e - 12 poisoned darts
 i - 49 stones
 A - 6 boomerangs
 B - 5 atropa-tipped darts
 C - a throwing net
 E - 3 silver boomerangs
Armour
 c - a +1 pair of gloves (worn)
 r - a +2 leather armour of cold resistance (worn)
 x - a +0 cloak (worn)
 y - a +0 pair of boots (worn)
Wands
 m - a wand of iceblast (7)
 s - a wand of quicksilver (11)
 z - a wand of mindburst (8)
 F - a wand of paralysis (4)
Scrolls
 d - 4 scrolls of teleportation {unknown}
 f - 4 scrolls of enchant weapon {unknown}
 h - 2 scrolls of poison {unknown}
 j - a scroll of enchant armour {unknown}
 k - 9 scrolls of identify {unknown}
 l - 3 scrolls of vulnerability {unknown}
 p - a scroll of amnesia {unknown}
 u - a scroll of immolation {unknown}
 v - a scroll of silence {unknown}
 D - a scroll of fog {unknown}
Potions
 g - 2 potions of ambrosia
 n - a potion of mutation
 q - 2 potions of curing
 t - a potion of flight
 w - a potion of brilliance {unknown}


   Skills:
 + Level 1.9 Dodging
 + Level 2.3 Stealth
 - Level 3.0 Spellcasting
 - Level 9.0 Necromancy
 + Level 0.3 Evocations


You had 8 spell levels left.
You knew the following spells:

 Your Spells              Type           Power      Damage    Failure   Level
a - Necrotise             Necr           84%        1d8       1%          1
b - Vampiric Draining     Necr           21%        2d7       2%          3

Your spell library contained the following spells:

 Spells                   Type           Power      Damage    Failure   Level
 Animate Dead             Necr           21%        N/A       9%          4
 Agony                    Necr           21%        N/A       24%         5
 Frozen Ramparts          Ice            2%         1d1       71%         3
 Summon Ice Beast         Ice/Summ       1%         N/A       98%         4
 Ice Form                 Ice/Tmut       Unusable   N/A       N/A         4

Dungeon Overview and Level Annotations

Branches:
Dungeon (6/15)
 Temple: D:4-7

Altars:
Okawaru
Xom

Shops:
D:4 *   D:5 (

Annotations:
D:5 Pikel


Innate Abilities, Weirdness & Mutations

You are immune to poison.
You have sharp fingernails.
Your flesh is cold resistant. (rC+)
You are immune to negative energy. (rN+++)
You do not regenerate when monsters are visible.
You are immune to unholy pain and torment.
You thrive by killing the living.


Message History

Pikel hits you with a +1 whip of freezing.
The lemure hits you!
* * * LOW HITPOINT WARNING * * *
The scorpion completely misses you.
It was a potion of mutation.
You feel extremely strange.
Your body decomposes!
You feel weakened.
Your body decomposes!
You feel weakened.
Your body decomposes!
You feel dopey. The lemure hits you.
* * * LOW HITPOINT WARNING * * *
The lemure barely misses you. The lemure hits you.
* * * LOW HITPOINT WARNING * * *
The lemure hits you but does no damage. Pikel closely misses you.
It was a potion of attraction.
You feel attractive to monsters. The scorpion stings you.
* * * LOW HITPOINT WARNING * * *
The lemure hits you.
* * * LOW HITPOINT WARNING * * *
The lemure closely misses you. x2
You feel better.
You feel less invigorated. The scorpion barely misses you.
Pikel hits you with a +1 whip of freezing!
* * * LOW HITPOINT WARNING * * *
Pikel freezes you.
* * * LOW HITPOINT WARNING * * *
The lemure hits you but does no damage. The lemure misses you.
The lemure barely misses you. The lemure hits you but does no damage.
You feel better. The scorpion stings you.
* * * LOW HITPOINT WARNING * * *
Pikel hits you with a +1 whip of freezing.
* * * LOW HITPOINT WARNING * * *
The lemure hits you but does no damage.
Unknown command.
It was a potion of flight.
You feel very buoyant.
You fly up into the air.
The lemure closely misses you. The lemure hits you!
You die...

#..........
#..........
#...$......
###.........
####.........#
#....#.......#
.........#..#
##....55...# .
#.....K@...## #.
#.....s55......
..##..............
#.................
###.........<####
#..........#
##.(.......#
#####.....#..#
#......#######


You could see Pikel, 4 lemures and a scorpion.

Vanquished Creatures
  Sigmund (D:2)
  A black bear (D:4)
  2 scorpions
  3 hounds
  Crazy Yiuf (D:2)
  An orc priest (D:5)
  Jessica (D:2)
  Terence (D:3)
  An orc wizard (D:5)
  3 adders
  An ufetubus (D:5)
  A dart slug (D:2)
  20 orcs
  6 endoplasms
  15 giant cockroaches
  4 goblins
  6 hobgoblins
  7 jackals
  9 kobolds
  2 quokkas (D:2)
  3 training dummies (D:5)
  4 ball pythons
  5 bats
  3 frilled lizards
  A rat (D:3)
102 creatures vanquished.

Vanquished Creatures (collateral kills)
  A bullfrog (D:5)
  An adder (D:4)
  A bat (D:2)
  A giant cockroach (D:4)
4 creatures vanquished.

Vanquished Creatures (others)
  An angel (D:5)
1 creature vanquished.

Grand Total: 107 creatures vanquished

Notes
Turn   | Place    | Note
-------+----------+-------------------------------------------
     0 | D:1      | NinjaNoafa the Ghoul Necromancer began the quest for the
                  | Orb.
     0 | D:1      | Reached XP level 1. HP: 14/14 MP: 2/2
   232 | D:1      | Reached XP level 2. HP: 20/20 MP: 0/4
   634 | D:1      | Found a faded altar of an unknown god.
  1579 | D:2      | Noticed Sigmund
  1640 | D:3      | Noticed Terence
  1668 | D:3      | Killed Terence
  1669 | D:3      | Reached XP level 3. HP: 23/26 MP: 3/6
  1855 | D:3      | Reached XP level 4. HP: 26/33 MP: 0/7
  2628 | D:3      | Reached skill level 5 in Necromancy
  2848 | D:2      | Killed Sigmund
  2849 | D:2      | Reached skill level 6 in Necromancy
  2849 | D:2      | Reached XP level 5. HP: 32/38 MP: 0/8
  2849 | D:2      | Reached XP level 6. HP: 38/45 MP: 0/9
  2895 | D:2      | Learned a level 3 spell: Vampiric Draining
  3261 | D:2      | Noticed Jessica
  3267 | D:2      | Killed Jessica
  3339 | D:2      | Found a runed translucent door.
  3340 | D:2      | Noticed Crazy Yiuf
  3701 | D:2      | Killed Crazy Yiuf
  3702 | D:2      | Reached skill level 7 in Necromancy
  4130 | D:4      | Found Rilops's CLEARANCE SALE!.
  4159 | D:4      | Noticed a black bear
  4164 | D:4      | Killed a black bear
  4165 | D:4      | Reached XP level 7. HP: 50/50 MP: 8/10
  4329 | D:4      | Reached skill level 8 in Necromancy
  4755 | D:4      | Found an iron altar of Okawaru.
  4871 | D:5      | Entered Level 5 of the Dungeon
  4873 | D:5      | Found Jainnicw's Firing Range.
  5153 | D:5      | Killed an angel
  5259 | D:5      | Found a shimmering altar of Xom.
  5383 | D:5      | Reached skill level 9 in Necromancy
  5539 | D:5      | Noticed Pikel
  5566 | D:5      | Slain by a lemure

Illustrated notes

Levels and vault maps discovered:
D:1:      dpeg_arrival_round_b, layout_basic,
          hellmonk_ecumenical_altar_heavens_door
D:2:      layout_basic, minmay_cut_off, uniq_sigmund, uniq_crazy_yiuf_cottage,
          uniq_jessica
D:3:      minmay_roachtagon, layout_loops_ring, uniq_terence
D:4:      layout_loops_ring, kennysheep_mini_moat, minmay_curled_crystal,
          nicolae_shop_clearance
D:5:      layout_rooms, grunt_temple_overflow_order_and_chaos_1,
          grunt_ashenzari_visionary [grunt_ashenzari_visionary_swamp,
          grunt_ashenzari_visionary_snake], nicolae_shop_firing_range,
          uniq_pikel
D:6:      layout_gridville

Skill      XL: |  1  2  3  4  5  6  7 |
---------------+----------------------+-----
Spellcasting   | 2 3 |  3.0
Necromancy     | 6 7 9 |  9.0
Dodging        | |  1.9
Stealth        | |  2.3
Evocations     | |  0.3

Action                   |  1- 3 |  4- 6 |  7- 9 || total
-------------------------+-------+-------+-------++-------
Melee: Unarmed           |    21 |       |       ||    21
       Punch             |     2 |       |     2 ||     4
       Spear             |     2 |       |       ||     2
       Short sword       |    17 |    17 |       ||    34
       Dagger            |       |    59 |    60 ||   119
 Cast: Necrotise         |    61 |    84 |    61 ||   206
       Vampiric Draining |       |     7 |     2 ||     9
Evoke: Wand              |       |     3 |     4 ||     7
  Use: Potion            |     4 |       |     8 ||    12
Armor: Robe              |    23 |     2 |       ||    25
       Leather armour    |       |    82 |    84 ||   166
Dodge: Dodged            |    40 |   126 |    97 ||   263
